 Dungeon Crawl Stone Soup version 0.31-a0-4-gefa6de2278 (webtiles) character file.

Game seed: 16531067582142367655

2019 jasper the Geomancer (level 9, -2/93 HPs)
             Began as an Ogre Earth Elementalist on May 3, 2023.
             Killed from afar by a manticore (10 damage)
             ... with a volley of spikes
             ... on level 8 of the Dungeon.
             The game lasted 00:08:05 (7406 turns).

jasper the Geomancer (Ogre Earth Elementalist)      Turns: 7406, Time: 00:08:05

Health: -2/93      AC:  4    Str: 14    XL:     9   Next: 23%
Magic:  18/19      EV:  9    Int: 20    God:
Gold:   428        SH:  0    Dex:  9    Spells: 12/21 levels left

rFire   + . .        e - +2 dire flail (drain)
rCold   . . .        (shield currently unavailable)
rNeg    . . .        a - +0 robe
rPois   .            (helmet restricted)
rElec   .            m - +0 cloak
rCorr   .            (gloves unavailable)
SInv    .            (boots unavailable)
Will    .....        f - amulet of magic regeneration
Stlth   +            t - ring of protection from fire
HPRegen 0.35/turn    (no ring)
MPRegen 0.56/turn

%: no passive effects
@: mighty, spiked
A: large, unfitting armour, tough skin 1
a: no special abilities


You were on level 8 of the Dungeon.
You visited 2 branches of the dungeon, and saw 9 of its levels.

You collected 428 gold pieces.

Inventory:

Hand Weapons
 d - a +2 dagger of protection
 e - a +2 dire flail of draining (weapon)
 n - a +0 whip of draining
Missiles
 c - 53 stones
 i - 10 poisoned darts
 q - a throwing net
Armour
 a - a +0 robe (worn)
 m - a +0 cloak (worn)
 o - a +0 cloak
Magical Staves
 s - a staff of conjuration
Jewellery
 f - an amulet of magic regeneration (around neck)
 t - a ring of protection from fire (left hand)
Wands
 r - a wand of flame (19)
Scrolls
 l - 2 scrolls of vulnerability
Potions
 b - a potion of magic
 g - a potion of flight {unknown}
 j - a potion of degeneration
 k - 2 potions of brilliance
 p - a potion of mutation
 u - 2 potions of heal wounds {unknown}


   Skills:
 + Level 7.5 Fighting
 - Level 1.7 Dodging
 - Level 1.4 Stealth
 + Level 6.8 Spellcasting
 - Level 0.8 Transmutations
 * Level 8.2 Earth Magic


You had 12 spell levels left.
You knew the following spells:

 Your Spells              Type           Power      Damage    Failure   Level
a - Sandblast             Erth           78%        2d17      1%          1
b - Passwall              Tmut/Erth      20%        N/A       2%          2
c - Stone Arrow           Conj/Erth      46%        3d9       5%          3
d - Vampiric Draining     Necr           6%         2d6       28%         3

Your spell library contained the following spells:

 Spells                   Type           Power      Damage    Failure   Level
 Apportation              Tloc           12%        N/A       10%         1
 Necrotise                Necr           24%        1d5       10%         1
 Summon Small Mammal      Summ           24%        N/A       10%         1
 Petrify                  Tmut/Erth      25%        N/A       14%         4
 Agony                    Necr           6%         N/A       95%         5


Dungeon Overview and Level Annotations

Branches:
Dungeon (8/15)             Temple (1/1) D:6
   Lair: D:8-11

Altars:
Ashenzari
Gozag
Hepliaklqana
Makhleb
Okawaru
Qazlal
Ru
Sif Muna
Trog
Uskayaw
Xom
Yredelemnul
Zin

Shops:
D:1 (   D:7 *

Annotations:
D:4 Dowan, Duvessa


Innate Abilities, Weirdness & Mutations

You are too large for most types of armour.
You have tough skin. (AC +1)


Message History

You take 10 damage, and have 36/93 hp.
You feel very sick.
You feel very sick.
You feel very sick.
You feel very sick.
You feel sick.
You feel sick.
You feel sick.
You feel sick.
You feel sick.
You feel sick.
You feel sick.
You feel sick.
You are no longer poisoned.
A manticore comes into view.
You take 20 damage, and have 16/93 hp.
MASSIVE DAMAGE!!
MP restored: 19 You close the door.
You feel very mighty all of a sudden.
There are no items here.
Okay, then.
Aiming: Sandblast (safe; 1% risk of failure)
Press: ? - help, Q - select action, (/) - cycle Shift-Dir - straight line, f - manticore
Aim: a manticore (wandering, hasn't noticed you, 90% to hit)
The blast of sand hits the manticore.
The manticore is lightly wounded.
The manticore flicks its tail.
The volley of spikes hits you!
The barbed spikes become lodged in your body.
* * * LOW HITPOINT WARNING * * *
You take 8 damage, and have 8/93 hp.
You now have 18/19 mp.
Aiming: Sandblast (safe; 1% risk of failure)
Press: ? - help, Q - select action, (/) - cycle Shift-Dir - straight line, f/p - manticore
Aim: a manticore (lightly wounded, 90% to hit)
The blast of sand hits the manticore!!
The manticore is heavily wounded.
The manticore flicks its tail.
The volley of spikes hits you!
The barbed spikes become lodged in your body.
You die...

#..........#.#
###+###.............
##~~.~~##.......####.
#~~~.~~~#..........#. .
#~~~.~~~#..........#. .#
+...∩...'..........#. ...
#~~~.~H~##.#.#.#####. .#..
#~~~.~~~#...........#
....)##~)@)~##..#.#......#
.#....###+###............#
....g....)...............#
#.....g...................
#.........................
#........................#
#.........#.#.#..........#
#........................#
#.........#.#.#..........#


You could see a manticore.

Vanquished Creatures
  A hornet (D:7)
  An orc warrior (D:7)
  A black bear (D:7)
  3 ogres
  A centaur (D:7)
  A phantom (D:5)
  2 bullfrogs
  2 scorpions (D:7)
  5 wights (D:6)
  2 vampire bats (D:7)
  2 howler monkeys
  An electric eel (D:6)
  A hound (D:5)
  Crazy Yiuf (D:6)
  3 orc priests
  2 gnoll boudas
  2 iguanas (D:7)
  A sleepcap (D:8)
  An orc wizard (D:5)
  9 gnolls
  4 adders
  A shadow imp (D:6)
  A white imp (D:7)
  A worm (D:2)
  5 dart slugs
  13 orcs
  9 bats
  3 endoplasms
  2 giant cockroaches (D:1)
  11 goblins
  8 hobgoblins
  4 jackals (D:3)
  5 kobolds
  5 quokkas
  A ball python (D:3)
  A frilled lizard (D:1)
  A goblin zombie (D:5)
  A quokka zombie (D:5)
  2 rats
120 creatures vanquished.

Vanquished Creatures (others)
  A fungus (D:6)
  A plant (D:2)
2 creatures vanquished.

Grand Total: 122 creatures vanquished

Notes
Turn   | Place    | Note
-------+----------+-------------------------------------------
     0 | D:1      | jasper the Ogre Earth Elementalist began the quest for the
                  | Orb.
     0 | D:1      | Reached XP level 1. HP: 16/16 MP: 3/3
   109 | D:1      | Found Quth's Weapon Shoppe.
   116 | D:1      | Reached skill level 3 in Earth Magic
   116 | D:1      | Reached XP level 2. HP: 26/26 MP: 2/5
   124 | D:1      | Reached skill level 1 in Fighting
   703 | D:1      | Reached XP level 3. HP: 33/33 MP: 5/7
   706 | D:1      | Learned a level 2 spell: Passwall
   710 | D:1      | Learned a level 3 spell: Stone Arrow
  1144 | D:2      | Found a glowing silver altar of Zin.
  1859 | D:3      | Reached XP level 4. HP: 42/42 MP: 4/8
  1863 | D:3      | Learned a level 3 spell: Vampiric Draining
  2885 | D:4      | Found a basalt altar of Yredelemnul.
  2886 | D:4      | Found a hide-covered altar of Uskayaw.
  2944 | D:4      | Noticed Dowan
  2945 | D:4      | Noticed Duvessa
  2959 | D:5      | Entered Level 5 of the Dungeon
  3082 | D:5      | Reached skill level 4 in Earth Magic
  3082 | D:5      | Reached XP level 5. HP: 46/52 MP: 6/10
  3228 | D:5      | Noticed an ogre
  3241 | D:5      | Killed an ogre
  3242 | D:5      | Reached XP level 6. HP: 62/62 MP: 9/12
  3483 | D:5      | Reached skill level 5 in Earth Magic
  3528 | D:5      | Reached XP level 7. HP: 52/70 MP: 11/13
  4473 | D:6      | Found a staircase to the Ecumenical Temple.
  4482 | Temple   | Entered the Ecumenical Temple
  4979 | D:6      | Reached skill level 5 in Fighting
  4983 | D:6      | Reached skill level 5 in Spellcasting
  4987 | D:6      | Reached skill level 6 in Earth Magic
  5542 | D:6      | Found a runed translucent door.
  5543 | D:6      | Noticed Crazy Yiuf
  5549 | D:6      | Killed Crazy Yiuf
  5550 | D:6      | Reached XP level 8. HP: 54/81 MP: 13/15
  6288 | D:7      | Found a bloodstained altar of Trog.
  6347 | D:7      | Reached skill level 7 in Earth Magic
  6564 | D:7      | Noticed a hornet
  6576 | D:7      | Killed a hornet
  6794 | D:7      | Reached XP level 9. HP: 67/93 MP: 16/18
  6989 | D:7      | Found Jaerhig's Lightly-Used Armoury.
  7036 | D:7      | Reached skill level 8 in Earth Magic
  7402 | D:8      | Noticed a manticore
  7406 | D:8      | Killed from afar by a manticore

Illustrated notes

Levels and vault maps discovered:
D:1:      evilmike_arrival_crescent, layout_basic, serial_shops,
          nicolae_shop_bloodbath_and_beyond, patterned_corridor
D:2:      layout_rooms, serial_forest, infiniplex_forest_lined_ring,
          infiniplex_forest_zigzag_2, infiniplex_forest_clump_small,
          infiniplex_forest_pool, infiniplex_forest_lined_3_way,
          infiniplex_forest_clump_long, infiniplex_forest_fountain,
          infiniplex_forest_clump_double, infiniplex_forest_straight_4,
          infiniplex_forest_end_3, basic_altar
D:3:      layout_loops_corners
D:4:      layout_cave_pods, mainiacjoe_overflow_boulevard,
          grunt_temple_overflow_open, pf_guarded_unrand_meek, uniq_duvessa,
          uniq_eustachio
D:5:      layout_cave_pods, enter_ossuary_4
D:6:      layout_loops_corners, lemuel_temple_firewalk_b,
          nicolae_lava_and_water, uniq_crazy_yiuf_cottage
D:7:      layout_gridville, lemuel_tele_altar, serial_park_tiny_pond,
          minmay_shop_damaged, serial_bayou_pond_e, st_stairs_2, roderic_batcave
D:8:      minmay_tri_box, layout_basic, serial_glass, glass_columns_a,
          glass_columns_a, glass_columns_c, glass_columns_b, glass_columns_a,
          glass_columns_a, glass_columns_c, glass_columns_a, glass_columns_b,
          glass_columns_b, feat_on_display, minmay_strange_pillars,
          unseen_surprise_small, kennysheep_flooded_box,
          minmay_stone_trees_medium
Temple:   hellmonk_temple_flake

Skill      XL: |  1  2  3  4  5  6  7  8  9 |
---------------+----------------------------+-----
Earth Magic    | 3 4 5 6 7 8 |  8.2
Fighting       | 1 2 3 4 5 7 |  7.5
Spellcasting   | 3 4 5 6 |  6.8
Dodging        | |  1.7
Stealth        | |  1.4
Transmutations | |  0.8

Action                     |  1- 3 |  4- 6 |  7- 9 || total
---------------------------+-------+-------+-------++-------
  Melee: Unarmed           |     7 |       |       ||     7
         Whip              |       |       |     1 ||     1
  Throw: Stone             |     2 |       |       ||     2
         Dart              |     3 |     3 |       ||     6
   Cast: Sandblast         |    63 |    43 |   131 ||   237
         Stone Arrow       |       |       |     6 ||     6
    Use: Scroll            |     3 |     7 |     4 ||    14
         Potion            |       |       |     4 ||     4
 Armour: Robe              |     4 |     6 |    29 ||    39
         Skin              |       |       |    10 ||    10
  Dodge: Dodged            |    12 |     9 |    43 ||    64

Table legend: (Time is in decaauts)
 A = Elapsed time spent in this place.
 B = Non-inter-level travel time spent in this place.
 C = Inter-level travel time spent in this place.
 D = Time resting spent in this place.
 E = Time spent auto-exploring this place.
 F = Levels seen in this place.
 G = Mean time per level.
                   A        B        C        D        E       F      G
               +--------+--------+--------+--------+--------+-----+--------+
         Total |   7523 |   7306 |    217 |    583 |   5851 |   9 |  835.9 |
       Dungeon |   7370 |   7162 |    208 |    583 |   5719 |   8 |  921.2 |
        Temple |    152 |    143 |      9 |      0 |    132 |   1 |  152.0 |
               +--------+--------+--------+--------+--------+-----+--------+

Top non-repeatable levels by time:
     D:7: 1603 daAuts
     D:6: 1574 daAuts
     D:1: 1086 daAuts
     D:3: 1067 daAuts
     D:5: 1027 daAuts
     D:2: 754 daAuts
     D:8: 166 daAuts
  Temple: 152 daAuts
     D:4: 89 daAuts
